 Dungeon Crawl Stone Soup version 0.17-a0-1504-gb7d9117 (webtiles) character file.

38 urechis the Cudgeler (level 3, 36/37 HPs)
             Began as an Ogre Gladiator on July 9, 2015.
             Quit the game on level 3 of the Dungeon.
             The game lasted 00:02:21 (1944 turns).

urechis the Cudgeler (Ogre Gladiator)               Turns: 1944, Time: 00:02:22

Health: 36/37      AC:  3    Str: 21    XL:     3   Next: 43%
Magic:  3/3        EV: 10    Int:  7    God:
Gold:   152        SH:  0    Dex: 10    Spells: 0 memorised, 2 levels left

rFire  . . .     SeeInvis .     a - +0 flail
rCold  . . .     Clarity  .     b - +0 robe
rNeg   + . .     SustAt   .     (no shield)
rPois  .         Gourm    .     c - +0 hat
rElec  .         Spirit   .     (no cloak)
rCorr  .         Warding  .     (gloves unavailable)
rMut   .         Stasis   .     (boots unavailable)
MR     .....                    (no amulet)
Stlth  +.........               (no ring)
                                j - ring of positive energy

@: not resistant to hostile enchantments, very unstealthy
A: unfitting armour, tough skin 1
a: no special abilities


You were on level 3 of the Dungeon.
You were not hungry.

You visited 1 branch of the dungeon, and saw 3 of its levels.

You collected 152 gold pieces.

Inventory:

Hand weapons
 a - a +0 flail (weapon)
Missiles
 e - 3 throwing nets (quivered)
 n - 26 poisoned needles
Armour
 b - a +0 robe (worn)
 c - a +0 hat (worn)
Jewellery
 j - a ring of positive energy (left hand)
Scrolls
 f - a scroll of magic mapping {unknown}
 g - 3 scrolls of identify {unknown}
 i - a scroll of noise {unknown}
 m - a scroll of teleportation {unknown}
 o - 3 scrolls of fear {unknown}
 p - a scroll of remove curse {unknown}
 r - a scroll of recharging {unknown}
 s - a scroll of amnesia {unknown}
 t - a scroll of random uselessness {unknown}
Potions
 h - a potion of cure mutation {unknown}
 k - a potion of curing {unknown}
 l - 2 potions of might {unknown}
Comestibles
 d - a bread ration
 q - 3 fruits


   Skills:
 + Level 3.1 Fighting
 + Level 4.6 Maces & Flails
 + Level 2.2 Throwing
 + Level 3.4 Dodging


You had 2 spell levels left.
You didn't know any spells.

Dungeon Overview and Level Annotations

Branches:
Dungeon (3/15)

Altars:
Cheibriados
Gozag
Qazlal
Sif Muna
Yredelemnul


Innate Abilities, Weirdness & Mutations

You are too large for most types of armour.
You have tough skin (AC +1).


Message History

No target in view!
No target in view!
No target in view!
No target in view!
No target in view!
No target in view!
The bat hits you. x2
A bat is nearby!
A bat is nearby!
You sock the bat!
You kill the bat!
You see here a bat corpse.
You butcher the bat corpse.
u - a chunk of flesh You see here a bat skeleton.
Eat a chunk of flesh? (ye/n/q/i?) This raw flesh tastes terrible.
You continue eating. x2
Found a stone staircase leading up.
Are you sure you want to abandon this character and quit the game? (Confirm with "yes".)

#..####.#.......
........#.......
#..###..##..../.
.....#..###.....
#......##.... #....#.##
#....#.#<
#....#.#.########
#....#.#.@......##########
#....#.########.##........
######.......##.##.#######
........####.##.##.#
#######.# #.##.##.# #.#
#.##.##.# #.# #.##.##.#
..# #.##.##.# ###
#.##.รท..#


There were no monsters in sight!

Vanquished Creatures
  An adder (D:2)
  A ball python (D:2)
  3 giant cockroaches (D:2)
  3 goblins (D:1)
  3 hobgoblins
  4 jackals (D:2)
  4 bats
  A giant newt (D:1)
  2 gnoll zombies (D:2)
  3 kobolds
  2 rats
27 creatures vanquished.

Vanquished Creatures (others)
  An ooze (D:2)
1 creature vanquished.

Grand Total: 28 creatures vanquished

Notes
Turn   | Place    | Note
--------------------------------------------------------------
     0 | D:1      | urechis the Ogre Gladiator began the quest for the Orb.
     0 | D:1      | Reached XP level 1. HP: 22/22 MP: 1/1
   496 | D:1      | Reached XP level 2. HP: 29/29 MP: 2/2
   799 | D:2      | Found a stormy altar of Qazlal.
   875 | D:2      | Found an opulent altar of Gozag.
   892 | D:2      | Found a deep blue altar of Sif Muna.
  1201 | D:2      | Found a snail-covered altar of Cheibriados.
  1268 | D:2      | Reached XP level 3. HP: 22/36 MP: 3/3
  1555 | D:2      | Found a basalt altar of Yredelemnul.
  1944 | D:3      | Quit the game

Vault maps used:
D:1:      sevenhm_arrival_forest_fort_small_6, serial_glass, glass_columns_a,
          glass_columns_c
D:2:      cheibriados_altar_1, lemuel_zombie_altar_yredelemnul,
          grunt_temple_overflow_open, grunt_qazlal_clouds
D:3:      kennysheep_big_flooded_room, serial_bayou_pond_b, minivault_24,
          hangedman_decor_peaks_small

Action                   || total
-------------------------++-------
Melee: Flail             ||    84
  Eat: Chunk             ||     2
       Fruit             ||     1
